 Dungeon Crawl Stone Soup version 0.22-a0-409-gb855193 (webtiles) character file.

151 KristoblXynda the Slasher (level 5, -10/41 HPs)
             Began as a Draconian Gladiator on May 10, 2018.
             Mangled by a gnoll
             ... wielding a +0 flail
              (24 damage)
             ... on level 3 of the Dungeon.
             The game lasted 00:03:40 (2127 turns).

KristoblXynda the Slasher (Draconian Gladiator)     Turns: 2127, Time: 00:03:41

Health: -10/41     AC:  8    Str: 16    XL:     5   Next: 11%
Magic:  5/5        EV: 13    Int: 12    God:
Gold:   167        SH:  0    Dex: 12    Spells: 4/4 levels left

rFire    . . .     SeeInvis .   a - +0 long sword
rCold    . . .     Gourm    .   (no shield)
rNeg     . . .     Faith    .   (armour unavailable)
rPois    .         Spirit   .   b - +0 hat
rElec    .         Reflect  .   (no cloak)
rCorr    .         Harm     .   (no gloves)
MR       .....                  n - +2 pair of boots
Stlth    +.........             (no amulet)
HPRegen  0.13/turn              i - +2 ring of intelligence
MPRegen  0.09/turn              (no ring)

@: no status effects
A: unfitting armour, cold-blooded, AC +5
a: no special abilities


You were on level 3 of the Dungeon.
You were not hungry.

You visited 1 branch of the dungeon, and saw 3 of its levels.

You collected 167 gold pieces.

Inventory:

Hand Weapons
 a - a +0 long sword (weapon)
Missiles
 c - 3 throwing nets (quivered)
Armour
 b - a +0 hat (worn)
 n - a +2 pair of boots (worn)
Jewellery
 i - a +2 ring of intelligence (left hand)
Scrolls
 e - a scroll of fear {unknown}
 f - a scroll of remove curse {unknown}
 g - a scroll of fog {unknown}
 j - a scroll of enchant weapon {unknown}
 k - a scroll of immolation {unknown}
 l - a scroll of teleportation
Potions
 h - a potion of might {unknown}
 m - a potion of berserk rage
 o - a potion of resistance {unknown}
 p - a potion of curing
Comestibles
 d - 8 rations


   Skills:
 - Level 2.1 Fighting
 * Level 5.0 Long Blades
 - Level 2.0 Throwing
 + Level 3.6 Dodging


You had 4 spell levels left.
You didn't know any spells.

Dungeon Overview and Level Annotations

Branches:
Dungeon (3/15)

Altars:


Innate Abilities, Weirdness & Mutations

Your plain brown scales are hard. (AC +5)
You cannot fit into any form of body armour.
You are cold-blooded and may be slowed by cold attacks.


Message History

You slash the gnoll!
You kill the gnoll!
Your Long Blades skill increases to level 5!
You see here a spear.
The gnoll hits you with a flail!
You closely miss the gnoll. The gnoll misses you.
You barely miss the gnoll.
You tail-slap the gnoll, but do no damage.
The gnoll drinks a potion.
The gnoll goes berserk!
You barely miss the gnoll. The gnoll barely misses you.
You barely miss the gnoll. The gnoll barely misses you.
The gnoll hits you with a flail!
You hit the gnoll.
The gnoll is moderately wounded.
The gnoll hits you with a flail.
You closely miss the gnoll.
The gnoll is moderately wounded.
The gnoll hits you with a flail. The gnoll hits you with a flail!!
Ouch! That really hurt!
You die...

#.###.#.#.......#.##.#.#.8.#.8..#
....#[#.#..............#...#.....
#.###.#.#.....#...........###..##
#.###.#.###...#........#.#####.##
.........##...#................##
...#.....##...#..................
...#.....##.#.#†...#.#.##........
.......................##..##..##
...............g@......)...##..##
.......##......#.......#.o..o....
...............#.#)..#.#.o.##..##
.......##......#.......#....o..##
...............#.......#..o##..##
...............#.......#.........
............#..#.#...#.#...##....
............#..#.......#.........
............#..##.....##........#


You could see a gnoll (berserk).

Vanquished Creatures
  An orc priest (D:3)
  2 gnolls (D:3)
  3 adders
  3 oozes
  2 worms (D:2)
  A dart slug (D:2)
  3 orcs (D:3)
  7 bats
  2 giant cockroaches
  4 goblins
  9 hobgoblins
  4 kobolds
  2 ball pythons
  2 frilled lizards
  12 rats
57 creatures vanquished.

Notes
Turn   | Place    | Note
-------+----------+-------------------------------------------
     0 | D:1      | KristoblXynda the Draconian Gladiator began the quest for the Orb.
     0 | D:1      | Reached XP level 1. HP: 17/17 MP: 1/1
    88 | D:1      | Reached XP level 2. HP: 20/24 MP: 2/2
   491 | D:1      | Reached XP level 3. HP: 21/29 MP: 3/3
   650 | D:2      | Found a faded altar of an unknown god.
   933 | D:2      | Reached skill level 4 in Long Blades
  1149 | D:2      | Reached XP level 4. HP: 35/36 MP: 4/4
  2017 | D:3      | Reached XP level 5. HP: 41/41 MP: 5/5
  2118 | D:3      | Reached skill level 5 in Long Blades
  2127 | D:3      | Mangled by a gnoll

Vault maps used:
D:1:      giann_wishing_wells
D:2:      chequers_ecumenical_altar_simple, hangedman_abyss_or_decor_lesser_grid
D:3:      cheibrodos_pilgrimage, mrwooster_statue_mirror

Skill      XL: |  1  2  3  4  5 |
---------------+----------------+-----
Throwing       | 2 |  2.0
Dodging        | 3 |  3.6
Long Blades    | 4 5 |  5.0
Fighting       | |  2.1

Action                   |  1- 3 |  4- 6 || total
-------------------------+-------+-------++-------
Melee: Long sword        |    85 |    67 ||   152
       Tailslap          |     6 |     8 ||    14
  Use: Scroll            |       |     1 ||     1
       Potion            |       |     1 ||     1
 Stab: Sleeping          |     1 |       ||     1
  Eat: Chunk             |       |     4 ||     4
Armor: Skin              |    44 |    34 ||    78
Dodge: Dodged            |    82 |    47 ||   129
       Rpst.: Long sword |    25 |    12 ||    37

Table legend:
 A = Spawn XP
 B = Non-spawn XP
 C = Spawn XP percentage of total XP
 D = Spawn monster count
 E = Non-spawn monster count
 F = Spawn count percentage of total count
 G = Total turns spent on level
                    A         B        C        D         E        F      G
               +---------+---------+-------+---------+---------+-------+---------
         Total |       0 |     217 |   0.0 |       0 |      57 |   0.0 |  2127
               +---------+---------+-------+---------+---------+-------+---------
           D:1 |       0 |      43 |   0.0 |       0 |      21 |   0.0 |   572
           D:2 |       0 |      73 |   0.0 |       0 |      22 |   0.0 |   882
           D:3 |       0 |     101 |   0.0 |       0 |      14 |   0.0 |   673
               +---------+---------+-------+---------+---------+-------+---------
